 Dungeon Crawl Stone Soup version 0.26-a0-651-gb41185065b (webtiles) character file.

Game seed: 8682206103277232759

12762 Irenicus the Earth Mage (level 11, -3/81 HPs)
             Began as a Deep Dwarf Earth Elementalist on Oct 13, 2020.
             Was an Elder of Makhleb.
             Slain by a seven-headed hydra (6 damage)
             ... on level 11 of the Dungeon.
             The game lasted 00:41:58 (5358 turns).

Irenicus the Earth Mage (DDEE)                      Turns: 5358, Time: 00:41:59

Health: -3/81      AC: 10    Str: 13    XL:     11   Next: 66%
Magic:  11/27      EV: 11    Int: 31    God:    Makhleb [****..]
Gold:   434        SH:  0    Dex: 13    Spells: 23/34 levels left

rFire    + . .     SeeInvis .   l - +6 quarterstaff "Roxuseer" {protect, rF- MR+ Int+6}
rCold    . . .     Faith    .   (shield currently unavailable)
rNeg     . . .     Spirit   .   j - +2 ring mail {rF+}
rPois    +         Reflect  .   n - +0 helmet
rElec    +         Harm     .   o - +0 cloak
rCorr    .         Rampage  .   A - +0 pair of gloves
MR       ++...     Rnd*Rage +   (no boots)
Stlth    +.........             w - amulet of Arekk {Acrobat *Slow rElec rPois Int+5}
HPRegen  0.00/turn              s - ring of protection from fire {rF+, !d}
MPRegen  0.20/turn              r - +4 ring of slaying

@: about to teleport, non-regenerating
A: damage resistance, heal wounds, berserk 1, sense surroundings 2, strong 1, no
regeneration
a: Heal Wounds, Minor Destruction, Lesser Servant of Makhleb, Major Destruction,
Renounce Religion


You were on level 11 of the Dungeon.
You worshipped Makhleb.
Makhleb was greatly pleased with you.
You visited 2 branches of the dungeon, and saw 12 of its levels.

You collected 617 gold pieces.
You spent 183 gold pieces at shops.

Inventory:

Hand Weapons
 l - the +6 quarterstaff "Roxuseer" (weapon) {protect, rF- MR+ Int+6}
   (You found it on level 7 of the Dungeon)

   It grants its wielder temporary protection when it strikes (+7 to AC).
   It affects your intelligence (+6).
   It makes you vulnerable to fire.
   It affects your resistance to hostile enchantments.
 q - a +2 dagger of freezing
   (You took it off an orc on level 6 of the Dungeon)
 y - a +3 falchion
   (You took it off a wight on level 6 of the Dungeon)
 C - the +8 rapier of Qoptou {vorpal, *Slow +Inv rPois rN+}
   (You found it on level 9 of the Dungeon)

   It inflicts extra damage upon your enemies.
   It protects you from poison.
   It protects you from negative energy.
   It lets you turn invisible.
   It may slow you when you take damage.
Missiles
 b - 228 stones (quivered)
 D - 2 throwing nets {=f, !d}
Armour
 j - a +2 ring mail of fire resistance (worn)
   (You took it off an orc on level 9 of the Dungeon)
 m - a scarf of shadows
   (You found it on level 2 of the Dungeon)
 n - a +0 helmet (worn)
   (You took it off Robin on level 2 of the Dungeon)
 o - a +0 cloak (worn)
   (You found it on level 4 of the Dungeon)
 A - a +0 pair of gloves (worn)
   (You bought it in a shop on level 5 of the Dungeon)
 E - a +2 kite shield
   (You found it on level 10 of the Dungeon)
Magical Staves
 f - an uncursed staff of air {rElec}
   (You found it on level 9 of the Dungeon)
Jewellery
 g - the amulet "Kaugrix" {Acrobat MR+}
   (You found it on level 4 of the Dungeon)

   [amulet of the acrobat]

   It helps you evade while moving and waiting.
   It affects your resistance to hostile enchantments.
 r - a +4 ring of slaying (right hand)
   (You found it on level 9 of the Dungeon)
 s - a ring of protection from fire (left hand) {rF+, !d}
   (You found it on level 3 of the Dungeon)
 w - the amulet of Arekk (around neck) {Acrobat *Slow rElec rPois Int+5}
   (You found it on level 7 of the Dungeon)

   [amulet of the acrobat]

   It helps you evade while moving and waiting.
   It affects your intelligence (+5).
   It insulates you from electricity.
   It protects you from poison.
   It may slow you when you take damage.
 F - a +6 ring of dexterity
   (You found it on level 8 of the Dungeon)
Wands
 d - a wand of enslavement (7)
   (You found it on level 8 of the Dungeon)
 e - a wand of acid (4)
   (You found it on level 9 of the Dungeon)
 z - a wand of paralysis (9)
   (You found it on level 5 of the Dungeon)
 G - a wand of disintegration (16)
   (You found it on level 10 of the Dungeon)
Scrolls
 a - 10 scrolls of remove curse
 i - 3 scrolls of blinking {unknown}
 k - 2 scrolls of magic mapping {unknown}
 H - a scroll of immolation {unknown}
 J - a scroll of identify
Potions
 c - 2 potions of brilliance
 h - 4 potions of flight
 p - 2 potions of curing
 t - a potion of heal wounds
 u - 2 potions of cancellation
 v - a potion of might
 x - a potion of invisibility
 I - a potion of haste


   Skills:
 + Level 1.5 Armour
 + Level 2.8 Dodging
 - Level 2.4 Stealth
 - Level 12.0 Spellcasting
 - Level 0.8 Transmutations
 - Level 15.2 Earth Magic


You had 23 spell levels left.
You knew the following spells:

 Your Spells              Type           Power        Failure   Level
a - Sandblast             Erth           ######       0%          1
w - Passwall              Tmut/Erth      ######..     1%          2
x - Stone Arrow           Conj/Erth      ######       1%          3
z - Lee's Rapid Deconstr  Erth           #######...   1%          5

Your spell library contained the following spells:

 Spells                   Type           Power        Failure   Level
 Petrify                  Tmut/Erth      ######..     1%          4
 Animate Skeleton         Necr           ###...       5%          1
 Pain                     Necr           ###.         5%          1
 Vampiric Draining        Necr           ###.......   17%         3
 Animate Dead             Necr           ###.......   50%         4
 Agony                    Necr           ###.....     83%         5


Dungeon Overview and Level Annotations

Branches:
Dungeon (11/15)            Temple (1/1) D:5            Lair (0/6) D:8
    Orc: D:9-12

Altars:
Ashenzari
Cheibriados
Dithmenos
Fedhas
Gozag
Hepliaklqana
Makhleb
Nemelex Xobeh
Okawaru
Qazlal
Sif Muna
Trog
Uskayaw
Vehumet
Wu Jian
Yredelemnul
Zin
The Shining One

Shops:
D:4 (   D:5 !*(}   D:8 *


Innate Abilities, Weirdness & Mutations

You are resistant to damage.
You can heal yourself by infusing magical energy.
You passively map the area around you.
You do not regenerate.
You tend to lose your temper in combat.
Your muscles are strong. (Str +2)


Message History

Aim: a jelly The blast of sand hits the jelly!!
You kill the jelly!
Makhleb accepts your kill.
You feel better.
b - 234 stones You regained 4 hp, and now have 41/81 hp.
J - a scroll of identify A bullfrog zombie comes into view.
The bullfrog zombie hits you but does no damage.
The bullfrog zombie closely misses you.
Casting: Sandblast (safe; 0% risk of failure)
Confirm with . or Enter, or press ? or * to list all spells.
Aiming: Sandblast (safe; 0% risk of failure)
Press: ? - help, Shift-Dir - straight line, f - bullfrog zombie
Aim: a bullfrog zombie The blast of sand hits the bullfrog zombie!
The bullfrog zombie is heavily damaged.
b - 233 stones The bullfrog zombie barely misses you.
Casting: Sandblast (safe; 0% risk of failure)
Confirm with . or Enter, or press ? or * to list all spells.
Aiming: Sandblast (safe; 0% risk of failure)
Press: ? - help, Shift-Dir - straight line, f/p - bullfrog zombie
Aim: a bullfrog zombie (heavily damaged)
The blast of sand hits the bullfrog zombie!!
You destroy the bullfrog zombie!
Makhleb accepts your kill.
You feel better.
b - 232 stones You regained 4 hp, and now have 45/81 hp.
You now have 2/27 mp.
You now have 434 gold pieces (gained 18).
You see here a wand of polymorph (6).
A cyclops comes into view.
The cyclops throws a large rock.
The large rock closely misses you.
Casting: Sandblast (safe; 0% risk of failure)
Confirm with . or Enter, or press ? or * to list all spells.
Aiming: Sandblast (safe; 0% risk of failure)
Press: ? - help, Shift-Dir - straight line, f - cyclops
Aim: a cyclops, quivering 3 large rocks The blast of sand hits the cyclops!
The cyclops is moderately wounded.
b - 231 stones You now have 10/27 mp.
Casting: Sandblast (safe; 0% risk of failure)
Confirm with . or Enter, or press ? or * to list all spells.
Aiming: Sandblast (safe; 0% risk of failure)
Press: ? - help, Shift-Dir - straight line, f/p - cyclops
Aim: a cyclops, quivering 3 large rocks (moderately wounded)
The blast of sand hits the cyclops!
The cyclops is severely wounded.
b - 230 stones The cyclops throws a large rock.
The large rock hits you!
You take 8 damage, and have 37/81 hp.
Casting: Sandblast (safe; 0% risk of failure)
Confirm with . or Enter, or press ? or * to list all spells.
Aiming: Sandblast (safe; 0% risk of failure)
Press: ? - help, Shift-Dir - straight line, f/p - cyclops
Aim: a cyclops, quivering 2 large rocks (severely wounded)
The blast of sand hits the cyclops!
The cyclops is almost dead.
b - 229 stones The cyclops throws a large rock.
The large rock hits you!!
* * * LOW HITPOINT WARNING * * *
You take 33 damage, and have 4/81 hp.
MASSIVE DAMAGE!!
You now have 9/27 mp.
Casting: Sandblast (safe; 0% risk of failure)
Confirm with . or Enter, or press ? or * to list all spells.
Aiming: Sandblast (safe; 0% risk of failure)
Press: ? - help, Shift-Dir - straight line, f/p - cyclops
Aim: a cyclops, quivering a large rock (almost dead)
The blast of sand hits the cyclops!!
You kill the cyclops!
Makhleb accepts your kill.
You feel better.
Your Armour skill increases to level 1!
b - 228 stones You regained 17 hp, and now have 21/81 hp.
You now have 8/27 mp.
Things that are here:
a large rock {!d}; a cyclops corpse
Found a stone staircase leading up.
A seven-headed hydra comes into view.
The seven-headed hydra roars!
Evoke which item? (* to show all) (? for menu, Esc to quit)
Aiming: Paralyse
Press: ? - help, Shift-Dir - straight line, f - seven-headed hydra
Aim: a seven-headed hydra (chance to defeat MR: 15%)
Okay, then.
As you read the scroll of teleportation, it crumbles to dust.
You feel strangely unstable.
The seven-headed hydra barely misses you.
The seven-headed hydra completely misses you.
The seven-headed hydra misses you. The seven-headed hydra bites you.
* * * LOW HITPOINT WARNING * * *
The seven-headed hydra closely misses you.
The seven-headed hydra bites you!
* * * LOW HITPOINT WARNING * * *
The seven-headed hydra bites you!
You die...

, ,* *, , , ,
#.... ....... ,
#.... ,....... , *
**##....##.......
* ,
,...........<...,*
* ***
............... *
....
#............. * *
*...
*#.............
.##.. * *
#D@....... ,..#..
####.#.......
.)#..
###....##.....#
.##..####...####
######
'##.......###
#..##.(#..##
############
....##....##
#..........#
....#....(.#
#........./#
#..##.###.(#
#..........#


You could see a seven-headed hydra.

Vanquished Creatures
  Harold (D:9)
  3 two-headed ogres
  3 death yaks (D:8)
  An ugly thing (D:11)
  A cyclops (D:11)
  A gargoyle (D:11)
  A hippogriff (D:8)
  A vampire (D:10)
  A wraith (D:10)
  Grum (D:9)
  11 yaks
  An acid dragon (D:11)
  3 porcupines (D:8)
  A water moccasin (D:8)
  2 sky beasts
  A hornet zombie (D:6)
  An orc warrior (D:6)
  5 ogres
  A necrophage (D:9)
  2 phantoms
  2 centaurs
  3 wolves (D:9)
  A crocodile (D:11)
  7 bullfrogs
  A water moccasin zombie (D:8)
  2 scorpions
  5 killer bees (D:9)
  A howler monkey (D:9)
  15 wights
  An electric eel (D:6)
  2 bullfrog zombies (D:11)
  3 jellies
  A hound (D:7)
  An orc priest (D:6)
  2 centaur skeletons
  5 orc wizards
  4 iguanas
  5 worker ants
  3 hell rats (D:8)
  A statue (D:8)
  A hound skeleton (D:9)
  A worker ant zombie (D:6)
  Robin (D:2)
  7 adders
  4 white imps
  2 ufetubi
  4 oozes
  An adder zombie (D:9)
  2 adder skeletons
  A worm (D:6)
  2 dart slugs (D:1)
  A leopard gecko (D:4)
  15 orcs
  A ball python (D:1)
  5 giant cockroaches
  15 goblins
  4 hobgoblins (D:2)
  8 jackals
  6 quokkas
  8 bats
  8 frilled lizards
  A jackal skeleton (D:4)
  6 kobolds
  2 quokka skeletons
  7 rats
220 creatures vanquished.

Vanquished Creatures (collateral kills)
  2 yaks (D:11)
2 creatures vanquished.

Vanquished Creatures (others)
  A yak (D:11)
  10 plants
11 creatures vanquished.

Grand Total: 233 creatures vanquished

Notes
Turn   | Place    | Note
-------+----------+-------------------------------------------
     0 | D:1      | Irenicus the Deep Dwarf Earth Elementalist began the quest
                  | for the Orb.
     0 | D:1      | Reached XP level 1. HP: 15/15 MP: 3/3
   147 | D:1      | Reached XP level 2. HP: 16/22 MP: 0/4
   220 | D:1      | Reached skill level 5 in Earth Magic
   447 | D:1      | Learned a level 2 spell: Passwall
   460 | D:2      | Reached XP level 3. HP: 17/28 MP: 1/5
   521 | D:2      | Reached skill level 6 in Earth Magic
   629 | D:2      | Noticed Robin
   660 | D:2      | Killed Robin
   683 | D:2      | Reached XP level 4. HP: 16/36 MP: 0/6
   989 | D:3      | Reached skill level 7 in Earth Magic
  1454 | D:4      | Noticed an ogre
  1460 | D:4      | Killed an ogre
  1460 | D:4      | Reached skill level 8 in Earth Magic
  1460 | D:4      | Reached XP level 5. HP: 14/42 MP: 2/7
  1521 | D:4      | HP: 6/42 [iguana (8)]
  1564 | D:4      | HP: 5/42 [scorpion (1)]
  1566 | D:4      | Reached skill level 9 in Earth Magic
  1566 | D:4      | Reached XP level 6. HP: 18/49 MP: 0/8
  1568 | D:4      | Got an ancient brass amulet
  1574 | D:4      | Identified the amulet "Kaugrix" {Acrobat MR+} (You found it
                  | on level 4 of the Dungeon)
  1658 | D:4      | Found Zaazy's Antique Weapon Shoppe.
  1852 | D:4      | Noticed a hippogriff
  1916 | D:5      | Entered Level 5 of the Dungeon
  1952 | D:5      | Found Weorep's Distillery.
  1957 | D:5      | Bought a potion of heal wounds for 60 gold pieces
  1957 | D:5      | Bought a potion of heal wounds for 60 gold pieces
  2024 | D:5      | Reached skill level 10 in Earth Magic
  2119 | D:5      | Found Dihuenaf's Weapon Boutique.
  2176 | D:5      | Noticed a two-headed ogre
  2181 | D:5      | HP: 4/49 [two-headed ogre/+0 giant club (14)]
  2183 | D:5      | Killed a two-headed ogre
  2183 | D:5      | Reached skill level 12 in Earth Magic
  2183 | D:5      | Reached XP level 7. HP: 4/55 MP: 3/9
  2183 | D:5      | Reached XP level 8. HP: 5/62 MP: 3/10
  2193 | D:5      | Found a staircase to the Ecumenical Temple.
  2200 | Temple   | Entered the Ecumenical Temple
  2216 | Temple   | Became a worshipper of Makhleb the Destroyer
  2302 | D:5      | Found Ifobiry's General Store.
  2306 | D:5      | HP: 14/62 [centaur/arrow (6)]
  2312 | D:5      | Bought a +0 pair of gloves for 63 gold pieces
  2434 | D:5      | Found Voengama's Gadget Boutique.
  2452 | D:6      | Reached skill level 13 in Earth Magic
  2586 | D:6      | Learned a level 5 spell: Lee's Rapid Deconstruction
  2693 | D:6      | Reached * piety under Makhleb
  2693 | D:6      | Reached skill level 14 in Earth Magic
  2946 | D:6      | Gained mutation: You passively map the area around you.
                  | [Deep Dwarf growth]
  2946 | D:6      | Reached XP level 9. HP: 32/68 MP: 1/11
  2977 | D:6      | Reached skill level 15 in Earth Magic
  3087 | D:7      | Got a vibrating steel amulet
  3098 | D:7      | Identified the amulet of Arekk {Acrobat *Slow rElec rPois
                  | Int+5} (You found it on level 7 of the Dungeon)
  3284 | D:7      | Reached skill level 2 in Spellcasting
  3328 | D:7      | Got a brightly glowing quarterstaff
  3330 | D:7      | Identified the +6 quarterstaff "Roxuseer" {protect, rF- MR+
                  | Int+6} (You found it on level 7 of the Dungeon)
  3348 | D:7      | Learned a level 3 spell: Stone Arrow
  3529 | D:8      | Found Utoxkeacze's Mass Market.
  3542 | D:8      | Found a radiant altar of Vehumet.
  3543 | D:8      | Reached skill level 3 in Spellcasting
  3567 | D:8      | Found an iron altar of Okawaru.
  3587 | D:8      | Found a stormy altar of Qazlal.
  3697 | D:8      | Noticed a death yak
  3713 | D:8      | HP: 16/68 [death yak (18)]
  3718 | D:8      | HP: 23/102 [death yak (17)]
  3719 | D:8      | Killed a death yak
  3719 | D:8      | Reached skill level 5 in Spellcasting
  3744 | D:8      | Noticed a death yak
  3756 | D:8      | Gained mutation: You tend to lose your temper in combat.
                  | [potion of mutation]
  3756 | D:8      | Gained mutation: Your muscles are strong. (Str +2) [potion
                  | of mutation]
  3758 | D:8      | HP: 19/102 [porcupine (4)]
  3760 | D:8      | Reached skill level 6 in Spellcasting
  3760 | D:8      | Noticed a death yak
  3763 | D:8      | HP: 23/102 [death yak (4)]
  3769 | D:8      | Killed a death yak
  3769 | D:8      | Reached skill level 7 in Spellcasting
  3769 | D:8      | Reached XP level 10. HP: 16/75 MP: 1/20
  3777 | D:8      | HP: 14/112 [death yak (2)]
  3779 | D:8      | Killed a death yak
  3779 | D:8      | Reached ** piety under Makhleb
  3815 | D:8      | Reached skill level 8 in Spellcasting
  3818 | D:8      | Found a staircase to the Lair.
  4132 | D:9      | Noticed a two-headed ogre
  4143 | D:9      | Killed a two-headed ogre
  4143 | D:9      | Reached skill level 9 in Spellcasting
  4250 | D:9      | Got a scorched rapier
  4251 | D:9      | Identified the +8 rapier of Qoptou {vorpal, *Slow +Inv
                  | rPois rN+} (You found it on level 9 of the Dungeon)
  4255 | D:9      | Noticed Grum
  4262 | D:9      | Killed Grum
  4388 | D:9      | Reached *** piety under Makhleb
  4392 | D:9      | Noticed Harold
  4408 | D:9      | Killed Harold
  4408 | D:9      | Reached skill level 10 in Spellcasting
  4562 | D:9      | Reached XP level 11. HP: 69/81 MP: 17/25
  4580 | D:10     | Entered Level 10 of the Dungeon
  4697 | D:10     | Noticed a two-headed ogre
  4711 | D:10     | Killed a two-headed ogre
  4711 | D:10     | Reached skill level 11 in Spellcasting
  4786 | D:10     | Got a fine scale mail
  4787 | D:10     | Identified the cursed +1 scale mail "Ugoc" {-Cast -Tele
                  | rN+++ Regen+} (You found it on level 10 of the Dungeon)
  5166 | D:11     | Noticed a white ugly thing
  5175 | D:11     | Reached **** piety under Makhleb
  5183 | D:11     | HP: 8/81 [white ugly thing (14)]
  5186 | D:11     | Killed a white ugly thing
  5245 | D:11     | HP: 20/81 [yak (10)]
  5258 | D:11     | HP: 3/81 [yak (9)]
  5266 | D:11     | Reached skill level 12 in Spellcasting
  5343 | D:11     | HP: 4/81 [cyclops/large rock (33)]
  5344 | D:11     | Reached skill level 1 in Armour
  5356 | D:11     | Noticed a seven-headed hydra
  5358 | D:11     | HP: 16/81 [seven-headed hydra (5)]
  5358 | D:11     | HP: 3/81 [seven-headed hydra (13)]
  5358 | D:11     | Slain by a seven-headed hydra

Illustrated notes

Levels and vault maps discovered:
D:1:      evilmike_arrival_rings, layout_basic, serial_glass, glass_columns_b,
          glass_columns_a, glass_columns_b, glass_columns_b, minmay_tromino_i2
D:2:      layout_loops_ring, uniq_robin
D:3:      layout_basic, serial_forest, infiniplex_forest_clump_tiny,
          infiniplex_forest_split, infiniplex_forest_clump_long,
          infiniplex_forest_clump_large, infiniplex_forest_split,
          infiniplex_forest_straight_3, infiniplex_forest_clump_double,
          infiniplex_forest_clump_tiny, infiniplex_forest_straight_3,
          wad_floor_pattern_untrapped
D:4:      layout_cave_pods, serial_shops, nicolae_shop_window_shopping,
          serial_park, serial_park_square1 [serial_park_minivault_5x5_2],
          serial_park_square2, serial_park_square1
          [serial_park_minivault_5x5_1], serial_park_square2,
          lightli_corner_chamber
D:5:      layout_loops_ring, minmay_temple_entry_gardened_gates, serial_shops,
          kennysheep_little_box, shop, nicolae_shop_waterfront, shop,
          minivault_27, mrwooster_statue_mirror
D:6:      layout_loops_ring, serial_bayou_ford_a, kennysheep_potato
D:7:      layout_loops_ring, kennysheep_generic_room_15
D:8:      layout_basic, vehumet_statue, dpeg_lair_monsters, basic_altar,
          serial_curves, eino_curves_01, eino_curves_03, minmay_shop_mass,
          grunt_qazlal_sundering
D:9:      kennysheep_spiral_hall, layout_small_grid, uniq_harold, uniq_grum
D:10:     layout_loops_ring
D:11:     minmay_bubble_buster, layout_rooms, orc_0_dummy
Temple:   compressed_dpeg_triangle_lava_temple

Skill      XL: |  1  2  3  4  5  6  7  8  9 10 11 |
---------------+----------------------------------+-----
Earth Magic    | 5 6 8 9 12 14 15 | 15.2
Spellcasting   | 7 10 12 | 12.0
Armour         | 1 |  1.5
Dodging        | |  2.8
Stealth        | |  2.4
Transmutations | |  0.8

Action                   |  1- 3 |  4- 6 |  7- 9 | 10-12 || total
-------------------------+-------+-------+-------+-------++-------
Melee: Dagger            |    19 |    11 |    10 |       ||    40
       Unarmed           |     1 |       |       |       ||     1
       Quarterstaff      |       |       |    10 |    38 ||    48
       Falchion          |       |       |     3 |       ||     3
 Cast: Sandblast         |    40 |    66 |    68 |   104 ||   278
       Passwall          |     2 |    13 |    16 |    17 ||    48
       Lee's Rapid Decon |       |       |     5 |    13 ||    18
       Stone Arrow       |       |       |     5 |    28 ||    33
Evoke: Wand              |       |       |     1 |     7 ||     8
  Use: Scroll            |     1 |     3 |     4 |     7 ||    15
       Potion            |       |     2 |     8 |     2 ||    12
 Stab: Sleeping          |     2 |       |     1 |     1 ||     4
       Paralysed         |       |       |     7 |       ||     7
Armor: Robe              |     1 |       |       |       ||     1
       Leather armour    |     2 |       |       |       ||     2
       Ring mail         |       |     1 |     5 |    36 ||    42
       Skin              |       |       |     2 |     8 ||    10
Dodge: Dodged            |    25 |    15 |    22 |    75 ||   137
       Rpst.: Falchion   |       |       |     2 |       ||     2

Table legend: (Time is in decaauts)
 A = Elapsed time spent in this place.
 B = Non-inter-level travel time spent in this place.
 C = Inter-level travel time spent in this place.
 D = Time resting spent in this place.
 E = Time spent auto-exploring this place.
 F = Levels seen in this place.
 G = Mean time per level.
                   A        B        C        D        E       F      G
               +--------+--------+--------+--------+--------+-----+--------+
         Total |   5372 |   5372 |      0 |      8 |      0 |  12 |  447.7 |
       Dungeon |   5345 |   5345 |      0 |      8 |      0 |  11 |  485.9 |
        Temple |     26 |     26 |      0 |      0 |      0 |   1 |   26.0 |
               +--------+--------+--------+--------+--------+-----+--------+

Top non-repeatable levels by time:
     D:9: 560 daAuts
     D:6: 536 daAuts
     D:8: 519 daAuts
     D:7: 518 daAuts
     D:5: 506 daAuts
     D:3: 506 daAuts
     D:2: 487 daAuts
     D:4: 461 daAuts
     D:1: 458 daAuts
    D:10: 442 daAuts
    D:11: 348 daAuts
  Temple: 26 daAuts

Table legend:
 A = Kills in this place as a percentage of kills in entire the game.
 B = Kills by you in this place as a percentage of kills by you in the entire game.
 C = Kills by friends in this place as a percentage of kills by friends in the entire game.
 D = Other kills in this place as a percentage of other kills in the entire game.
 E = Experience gained in this place as a percentage of experience gained in the entire game.
 F = Experience gained in this place divided by the number of levels of this place that you have seen.
                   A       B       C       D       E      F
               +-------+-------+-------+-------+-------+----------------------
         Total | 100.0 | 100.0 | 100.0 | 100.0 | 100.0 | 1519.3
       Dungeon | 100.0 | 100.0 | 100.0 | 100.0 | 100.0 | 1657.5
               +-------+-------+-------+-------+-------+----------------------
